 Dungeon Crawl Stone Soup version 0.24.0-13-gcf9b319 (webtiles) character file.

Game seed: 10990883400167913148, levelgen mode: deterministic

231 Bronimir the Magician (level 5, -1/28 HPs)
             Began as a Deep Elf Fire Elementalist on Mar 21, 2020.
             Slain by Blork the orc
             ... wielding a +0 hand axe of electrocution
              (16 damage)
             ... on level 5 of the Dungeon.
             The game lasted 00:08:42 (3624 turns).

Bronimir the Magician (Deep Elf Fire Elementalist)  Turns: 3624, Time: 00:08:43

Health: -1/28      AC:  2    Str:  5    XL:     5   Next: 73%
Magic:  10/14      EV: 13    Int: 21    God:
Gold:   206        SH:  0    Dex: 15    Spells: 4/14 levels left

rFire    + . .     SeeInvis .   a - +0 long sword (holy)
rCold    . . .     Gourm    .   (no shield)
rNeg     . . .     Faith    .   n - +0 robe
rPois    .         Spirit   .   (no helmet)
rElec    .         Reflect  .   (no cloak)
rCorr    .         Harm     .   (no gloves)
MR       .....                  (no boots)
Stlth    ++........             (no amulet)
HPRegen  0.09/turn              t - ring of protection from fire
MPRegen  0.14/turn              (no ring)

@: no status effects
A: no striking features
a: no special abilities


You were on level 5 of the Dungeon.
You were not hungry.

You visited 1 branch of the dungeon, and saw 5 of its levels.

You collected 206 gold pieces.

Inventory:

Hand Weapons
 a - a +0 long sword of holy wrath (weapon)
 x - a +0 rapier
 y - a +0 spear
Missiles
 g - 11 poisoned darts (quivered)
 i - 137 stones
Armour
 m - a +0 leather armour
 n - a +0 robe (worn)
Jewellery
 q - a +2 ring of intelligence {unknown}
 t - a ring of protection from fire (left hand)
 v - a +5 ring of strength {unknown}
Wands
 z - a wand of acid (9)
Scrolls
 d - 2 scrolls of fog {unknown}
 e - 5 scrolls of identify {unknown}
 h - 4 scrolls of remove curse {unknown}
 o - 2 scrolls of teleportation {unknown}
 p - 2 scrolls of immolation {unknown}
 s - a scroll of fear {unknown}
 w - a scroll of enchant armour {unknown}
Potions
 b - 4 potions of haste {unknown}
 f - 3 potions of curing {unknown}
 k - 2 potions of mutation {unknown}
 l - 4 potions of heal wounds {unknown}
 r - a potion of brilliance {unknown}
 u - 2 potions of flight {unknown}
Comestibles
 c - 12 rations
 j - 4 chunks of flesh


   Skills:
 * Level 2.9 Dodging
 - Level 2.4 Stealth
 + Level 5.1 Spellcasting
 * Level 3.2 Conjurations
 * Level 5.1 Fire Magic


You had 4 spell levels left.
You knew the following spells:

 Your Spells              Type           Power        Failure   Level  Hunger
a - Flame Tongue          Conj/Fire      ###..        1%          1    None
b - Throw Flame           Conj/Fire      ###...       3%          2    None
c - Conjure Flame         Conj/Fire      ###.....     6%          3    ##.....
d - Sticky Flame          Conj/Fire      ###.....     19%         4    ####...

Your spell library contained the following spells:

 Spells                   Type           Power        Failure   Level  Hunger
 Inner Flame              Hex/Fire       ###.....     11%         3    ##.....
 Fireball                 Conj/Fire      ###.......   47%         5    #####..


Dungeon Overview and Level Annotations

Branches:
Dungeon (5/15)
 Temple: D:4-7

Altars:
Okawaru
Wu Jian

Annotations:
D:5 Blork the orc


Message History

Confirm with . or Enter, or press ? or * to list all spells.
Aiming: Flame Tongue (safe; 1% risk of failure)
Press: ? - help, Shift-Dir - straight line, f - orc
Aim: an orc, wielding a +0 club The flame tongue hits the orc.
The orc is severely wounded.
Blork the orc mumbles some strange words.
Blork the orc seems to speed up.
Casting: Flame Tongue (safe; 1% risk of failure)
Confirm with . or Enter, or press ? or * to list all spells.
Aiming: Flame Tongue (safe; 1% risk of failure)
Press: ? - help, Shift-Dir - straight line, f/p - orc
Aim: an orc, wielding a +0 club (severely wounded)
The flame tongue hits the orc!
You kill the orc!
Blork the orc screams, "I'll break your arms!"
Blork the orc hits you with a +0 hand axe of electrocution!
You are electrocuted!
Ouch! That really hurt!
You die...

## (.. #..#..
#..#.. ## .
%.... .#
..##...#.## .#>
#.........#....
......?o%.....#
.....).@....#
.......##..##
....W.. .#
.$##.Z# # . #..
#<. .. ...


You could see a phantom, Blork the orc and a water moccasin skeleton.

Vanquished Creatures
  A hound (D:4)
  An orc wizard (D:4)
  3 worker ants (D:4)
  An adder (D:4)
  3 adder skeletons
  3 worms
  4 dart slugs
  4 leopard geckos (D:4)
  3 orcs
  5 giant cockroaches
  9 hobgoblins
  A jackal (D:4)
  2 quokkas
  6 bats
  4 frilled lizards
  5 goblins
  8 kobolds
  8 rats
71 creatures vanquished.

Notes
Turn   | Place    | Note
-------+----------+-------------------------------------------
     0 | D:1      | Bronimir the Deep Elf Fire Elementalist began the quest for
                  | the Orb.
     0 | D:1      | Reached XP level 1. HP: 10/10 MP: 6/6
   343 | D:1      | Reached XP level 2. HP: 15/15 MP: 2/8
   440 | D:1      | Learned a level 2 spell: Throw Flame
  1320 | D:2      | Found an iron altar of Okawaru.
  1347 | D:2      | Reached XP level 3. HP: 14/19 MP: 0/9
  2493 | D:3      | You fall into a shaft and drop 1 floor!
  2611 | D:4      | Reached XP level 4. HP: 24/24 MP: 3/12
  2627 | D:4      | Reached skill level 5 in Fire Magic
  2822 | D:4      | Reached XP level 5. HP: 19/28 MP: 4/13
  2912 | D:4      | Found an ornate altar of the Wu Jian Council.
  3396 | D:4      | Reached skill level 5 in Spellcasting
  3401 | D:4      | Learned a level 3 spell: Conjure Flame
  3406 | D:4      | Learned a level 4 spell: Sticky Flame
  3619 | D:5      | Entered Level 5 of the Dungeon
  3619 | D:5      | Noticed Blork the orc
  3619 | D:5      | Noticed a phantom
  3624 | D:5      | Slain by Blork the orc

Levels and vault maps discovered:
D:1:      sevenhm_arrival_forest_fort_large_2, layout_loops_ring,
          grunt_decor_clamped, minmay_split_cup_large
D:2:      layout_rooms, nicolae_overflow_crystal_walls
D:3:      lemuel_upstairs_altar, layout_basic
D:4:      minmay_razor_zed, layout_rooms, marbit_many_paths
D:5:      layout_rooms, lemuel_round_altar, dancing_weapons_uskayaw,
          grunt_temple_overflow_order_and_chaos_2,
          minmay_temple_entry_steel_oval, serial_shops, nicolae_shop_stone,
          first_ration, uniq_blork_the_orc

Skill      XL: |  1  2  3  4  5 |
---------------+----------------+-----
Fire Magic     | 4 5 |  5.1
Conjurations   | 2 3 |  3.2
Spellcasting   | 4 5 |  5.1
Dodging        | |  2.9
Stealth        | |  2.4

Action                   |  1- 3 |  4- 6 || total
-------------------------+-------+-------++-------
Melee: Club              |     7 |       ||     7
       Short sword       |     3 |       ||     3
       Rapier            |       |     2 ||     2
 Cast: Flame Tongue      |    33 |    37 ||    70
       Throw Flame       |    51 |     8 ||    59
 Stab: Sleeping          |       |     1 ||     1
  Eat: Chunk             |     6 |     4 ||    10
Armor: Robe              |     2 |       ||     2
Dodge: Dodged            |    21 |     6 ||    27
